 Dungeon Crawl Stone Soup version 0.17.0-24-gcfadda4 (webtiles) character file.

8302 zarick13 the Geomancer (level 11, 0/64 HPs)
             Began as a Gargoyle Earth Elementalist on Nov 15, 2015.
             Was a Priest of Vehumet.
             Slain by Urug
             ... wielding a +0 great mace
              (18 damage)
             ... on level 1 of the Lair of Beasts.
             The game lasted 00:38:57 (11220 turns).

zarick13 the Geomancer (GrEE)                      Turns: 11220, Time: 00:38:57

Health: 0/64       AC: 17    Str: 14    XL:     11   Next: 28%
Magic:  3/14       EV: 12    Int: 17    God:    Vehumet [***...]
Gold:   577        SH:  4    Dex: 10    Spells: 4 memorised, 3 levels left

rFire  x . .     SeeInvis .     b - staff of earth
rCold  + . .     Clarity  .     l - +1 robe
rNeg   + . .     SustAt   .     z - +0 buckler {AC+3}
rPois  ∞         Gourm    +     n - +1 helmet
rElec  +         Spirit   .     I - +1 cloak
rCorr  .         Warding  .     (no gloves)
rMut   .         Stasis   .     (no boots)
MR     .....                    w - amulet of the gourmand
Stlth  ++........               (no ring)
                                A - ring of ice

@: not resistant to hostile enchantments, unstealthy
A: negative energy resistance 1, electricity resistance, unbreathing,
petrification resistance, rot immunity, AC +7
a: Renounce Religion


You were on level 1 of the Lair of Beasts.
You worshipped Vehumet.
Vehumet was most pleased with you.
You were very full.

You visited 3 branches of the dungeon, and saw 11 of its levels.

You collected 577 gold pieces.

Inventory:

Hand Weapons
 a - the +6 scimitar of Flaming Death {sticky flame, rPois rF++ rC- MR+}
   (You found it on level 4 of the Dungeon)

   It has been specially enchanted to burn those struck by it, causing extra
   injury to most foes and up to half again as much damage against particularly
   susceptible opponents.
   Big, fiery blades are also staple armaments of hydra-hunters.
   It greatly protects you from fire.
   It makes you vulnerable to cold.
   It protects you from poison.
   It affects your resistance to hostile enchantments.
 x - a +1 rapier of venom
 y - a +1 whip
Missiles
 H - 264 stones (quivered)
Armour
 l - a +1 robe (worn)
 n - a +1 helmet (worn)
 z - a +0 buckler of protection (worn)
 I - a +1 cloak (worn)
Magical Staves
 b - an uncursed staff of earth (weapon)
Jewellery
 w - an amulet of the gourmand (around neck)
 A - a ring of ice (left hand)
Wands
 p - a wand of digging (7)
 s - a wand of enslavement (10)
 G - a wand of frost (25)
Scrolls
 e - 3 scrolls of amnesia
 f - 2 scrolls of teleportation
 o - a scroll of recharging
 v - 3 scrolls of remove curse
 B - 2 scrolls of magic mapping
 C - 2 scrolls of identify
 D - a scroll of silence {unknown}
 O - a scroll of blinking {unknown}
Potions
 g - a potion of magic
 h - 2 potions of might
 m - 2 potions of haste
 r - a potion of agility
 t - a potion of mutation
 J - a potion of poison {unknown}
 K - 2 potions of curing {unknown}
 M - 2 potions of lignification {unknown}
Books
 c - a book of Geomancy

   Spells                             Type                      Level
   a - Sandblast                      Earth                        1
   b - Stoneskin                      Transmutation/Earth          2
   c - Passwall                       Transmutation/Earth          3
   d - Stone Arrow                    Conjuration/Earth            3
   e - Petrify                        Transmutation/Earth          4
   f - Lee's Rapid Deconstruction     Earth                        5
 i - a book of the Tempests

   Spells                             Type                      Level
   a - Static Discharge               Conjuration/Air              3
   b - Lightning Bolt                 Conjuration/Air              5
   c - Fireball                       Conjuration/Fire             5
   d - Tornado                        Air                          9
   e - Shatter                        Earth                        9
 E - a book of Conjurations

   Spells                             Type                      Level
   a - Magic Dart                     Conjuration                  1
   b - Searing Ray                    Conjuration                  2
   c - Dazzling Spray                 Conjuration/Hexes            3
   d - Fulminant Prism                Conjuration/Hexes            4
   e - Iskenderun's Mystic Blast      Conjuration                  4
   f - Iskenderun's Battlesphere      Conjuration/Charms           5
 F - a book of Callings

   Spells                             Type                      Level
   a - Summon Small Mammal            Summoning                    1
   b - Call Imp                       Summoning                    2
   c - Call Canine Familiar           Summoning                    3
   d - Summon Guardian Golem          Hexes/Summoning              3
   e - Summon Lightning Spire         Summoning/Air                4
   f - Summon Ice Beast               Ice/Summoning                4
Comestibles
 d - 8 bread rations
 j - a royal jelly
 k - 3 beef jerkies
 q - 6 meat rations
 L - 11 fruits
 N - 11 chunks of flesh


   Skills:
 - Level 5.2 Fighting
 - Level 8.1 Long Blades
 - Level 2.4 Maces & Flails
 + Level 0.2(1.4) Staves
 - Level 1.5 Dodging
 - Level 2.1 Stealth
 - Level 4.1 Shields
 * Level 2.0 Spellcasting
 - Level 5.0 Conjurations
 - Level 0.7 Transmutations
 - Level 14.2 Earth Magic


You had 3 spell levels left.
You knew the following spells:

 Your Spells              Type           Power        Failure   Level  Hunger
a - Sandblast             Erth           ######       1%          1    #......
b - Stone Arrow           Conj/Erth      ######       1%          3    ###....
c - Lee's Rapid Deconstr  Erth           ######....   1%          5    ######.
d - Stoneskin             Trmt/Erth      #####...     1%          2    ###....


Dungeon Overview and Level Annotations

Branches:
Dungeon (9/15)             Temple (1/1) D:4            Lair (1/8) D:9
    Orc: D:9-12

Altars:
Ashenzari
Cheibriados
Dithmenos
Elyvilon
Fedhas
Gozag
Kikubaaqudgha
Makhleb
Nemelex Xobeh
Okawaru
Qazlal
Ru
Sif Muna
Trog
Vehumet
Xom
Yredelemnul
Zin
The Shining One

Annotations:
D:7 gw's ghost, novice DDFi
Lair:1 Urug


Innate Abilities, Weirdness & Mutations

You are resistant to torment.
Your stone body is resilient (AC +7).
You are immune to poison.
You resist negative energy.
You are resistant to electric shocks.
You can survive without breathing.
You are immune to petrification.
You are immune to rotting.


Message History

You feel much better. Urug hits you with a great mace!
* * * LOW HITPOINT WARNING * * *
You see here a javelin.
Urug throws a javelin.
The javelin barely misses you.
You see here a javelin.
The scimitar stops flaming.
b - an uncursed staff of earth (weapon)
Casting: Stone Arrow
Confirm with . or Enter, or press ? or * to list all spells.
Aiming: Stone Arrow
Press: ? - help, Shift-Dir - straight line, f/p - Urug
Aim: Urug, wielding a great mace and wearing a glowing chain mail (heavily wounded)
You feel a surge of power!
The stone arrow hits Urug.
Urug is severely wounded.
You see here a javelin.
You see here 14 arrows.
A komodo dragon comes into view.
The komodo dragon hisses angrily.
Urug hits you with a great mace!!
You die...

#.### #............# #.#
###.#........## .## ####...l....#
.## #.......## ..## #........#
### ### # ...##
##.......####.#####.### ....##
#...........##......... #....##
##......>...#..........
##....#####.....@o..............#
##....##.#..............########
#...................####
#........##........#.#
#......####..........# ##.....#
#..........# #....## #....(....##
#....# #.........## #....##
##.........#


You could see Urug and a komodo dragon.

Vanquished Creatures
  The ghost of gw the Cudgeler, a novice MiFi of Makhleb (D:6)
  An ugly thing (D:8)
  A spiny frog (Lair:1)
  Psyche (D:9)
  A komodo dragon (Lair:1)
  2 trolls (D:9)
  A spriggan (D:8)
  4 yaks (Lair:1)
  A hippogriff (D:7)
  Eustachio (D:5)
  A wyvern (D:9)
  3 hungry ghosts
  A basilisk (Lair:1)
  A water moccasin (D:4)
  2 porcupines (Lair:1)
  A necrophage (D:8)
  3 orc warriors
  4 ice beasts
  3 centaurs
  2 sky beasts
  3 phantoms
  2 crocodiles
  2 wyvern zombies
  6 giant frogs
  6 scorpions
  A water moccasin skeleton (D:4)
  5 wights (D:9)
  A centaur zombie (D:6)
  An electric eel (D:9)
  5 crimson imps
  4 orc priests
  A jelly (D:6)
  A gnoll shaman (D:7)
  6 hounds
  2 centaur skeletons
  4 orc wizards
  An iguana (D:9)
  4 worker ants
  A hound skeleton (D:9)
  3 worker ant zombies
  16 gnolls
  11 adders
  An ooze (D:1)
  2 adder skeletons
  2 worms (D:2)
  7 giant geckos
  38 orcs
  A ball python (D:5)
  5 bats
  9 giant cockroaches
  9 hobgoblins
  7 kobolds
  2 quokkas
  A giant gecko skeleton (D:4)
  5 giant newts
  6 goblins
  9 rats
225 creatures vanquished.

Notes
Turn   | Place    | Note
--------------------------------------------------------------
     0 | D:1      | zarick13 the Gargoyle Earth Elementalist began the quest for the Orb.
     0 | D:1      | Reached XP level 1. HP: 10/10 MP: 3/3
     4 | D:1      | Noticed an electric eel
     4 | D:1      | Noticed an electric eel
   118 | D:1      | Reached skill level 4 in Earth Magic
   122 | D:1      | Reached XP level 2. HP: 15/15 MP: 0/5
   226 | D:1      | Reached skill level 1 in Maces & Flails
   449 | D:1      | Reached XP level 3. HP: 19/19 MP: 3/6
   785 | D:2      | Learned a level 3 spell: Stone Arrow
   875 | D:2      | Reached skill level 1 in Conjurations
  1006 | D:2      | Reached XP level 4. HP: 22/24 MP: 3/7
  1497 | D:3      | Reached XP level 5. HP: 16/28 MP: 0/8
  1768 | D:3      | Reached skill level 5 in Conjurations
  1768 | D:3      | Reached XP level 6. HP: 32/32 MP: 7/9
  2127 | D:3      | Found an opulent altar of Gozag.
  2226 | D:4      | Reached skill level 5 in Earth Magic
  2345 | D:4      | Found a staircase to the Ecumenical Temple.
  2376 | Temple   | Entered the Ecumenical Temple
  2400 | Temple   | Became a worshipper of Vehumet
  2534 | D:4      | Reached skill level 6 in Earth Magic
  2536 | D:4      | Reached XP level 7. HP: 29/36 MP: 0/10
  2630 | D:4      | Found a bloodstained altar of Trog.
  3098 | D:4      | Reached skill level 7 in Earth Magic
  3373 | D:4      | Reached skill level 8 in Earth Magic
  3684 | D:4      | Found a shadowy altar of Dithmenos.
  3753 | D:5      | Entered Level 5 of the Dungeon
  3910 | D:5      | Found a stormy altar of Qazlal.
  4622 | D:5      | Noticed Eustachio
  4641 | D:5      | Reached skill level 9 in Earth Magic
  4641 | D:5      | Reached XP level 8. HP: 34/41 MP: 9/11
  4646 | D:5      | Found a burning altar of Makhleb.
  4680 | D:5      | Killed Eustachio
  4680 | D:5      | Reached skill level 10 in Earth Magic
  5078 | D:5      | Reached skill level 1 in Long Blades
  5161 | D:5      | Found a deep blue altar of Sif Muna.
  5424 | D:6      | Noticed gw's ghost (novice MiFi)
  5779 | D:6      | Reached * piety under Vehumet
  5779 | D:6      | Offered knowledge of Shock by Vehumet.
  6014 | D:6      | Reached XP level 9. HP: 23/45 MP: 12/12
  6254 | D:6      | Killed gw's ghost
  6574 | D:6      | Learned a level 5 spell: Lee's Rapid Deconstruction
  6655 | D:7      | Noticed gw's ghost (novice DDFi)
  7045 | D:7      | Found a shimmering altar of Xom.
  7399 | D:7      | Learned a level 2 spell: Stoneskin
  7821 | D:7      | Offered knowledge of Throw Frost by Vehumet.
  8220 | D:7      | Found an ancient bone altar of Kikubaaqudgha.
  8544 | D:8      | Reached skill level 1 in Shields
  8679 | D:8      | Reached ** piety under Vehumet
  8690 | D:8      | Noticed a centaur skeleton
  8709 | D:8      | Killed a centaur skeleton
  8709 | D:8      | Reached XP level 10. HP: 47/50 MP: 13/13
  8834 | D:8      | Noticed a purple ugly thing
  8845 | D:8      | Killed a purple ugly thing
  8845 | D:8      | Reached skill level 11 in Earth Magic
  9504 | D:9      | Reached skill level 12 in Earth Magic
  9710 | D:9      | Noticed Psyche
  9712 | D:9      | Found a basalt altar of Yredelemnul.
  9717 | D:9      | Killed Psyche
  9788 | D:9      | Reached skill level 13 in Earth Magic
 10028 | D:9      | Reached skill level 1 in Fighting
 10101 | D:9      | Offered knowledge of Throw Flame by Vehumet.
 10225 | D:9      | Found a white marble altar of Elyvilon.
 10273 | D:9      | Reached *** piety under Vehumet
 10314 | D:9      | Reached skill level 5 in Fighting
 10314 | D:9      | Reached XP level 11. HP: 27/64 MP: 3/14
 10510 | D:9      | Found a staircase to the Lair.
 10515 | Lair:1   | Entered Level 1 of the Lair of Beasts
 11036 | Lair:1   | Reached skill level 14 in Earth Magic
 11041 | Lair:1   | Offered knowledge of Inner Flame by Vehumet.
 11178 | Lair:1   | Noticed Urug
 11220 | Lair:1   | Slain by Urug

Action                   |  1- 3 |  4- 6 |  7- 9 | 10-12 || total
-------------------------+-------+-------+-------+-------++-------
Melee: Unarmed           |     2 |       |       |       ||     2
       Whip              |    15 |    81 |    97 |       ||   193
       Scimitar          |       |       |    61 |   129 ||   190
       Rapier            |       |       |   211 |       ||   211
 Cast: Sandblast         |    40 |    51 |    26 |       ||   117
       Stone Arrow       |       |     1 |    53 |    35 ||    89
       Lee's Rapid Decon |       |       |     8 |    17 ||    25
       Stoneskin         |       |       |       |     3 ||     3
  Use: Scroll            |       |     7 |     7 |       ||    14
       Potion            |       |       |     2 |     1 ||     3
 Stab: Sleeping          |       |     2 |     1 |     1 ||     4
       Distracted        |       |       |     1 |       ||     1
  Eat: Chunk             |     1 |     6 |    37 |    27 ||    71
       Pizza             |       |       |     1 |       ||     1
